 Dungeon Crawl Stone Soup version 0.28.0-53-g5a82cb258f (webtiles) character file.

Game seed: 4345889293732698788

4975 enile the Transmogrifier (level 10, -6/63 HPs)
             Began as an Octopode Wanderer on May 30, 2022.
             Was a High Priest of Okawaru.
             Mangled by a komodo dragon (33 damage)
             ... on level 10 of the Dungeon.
             The game lasted 00:26:49 (13474 turns).

enile the Transmogrifier (Octopode Wanderer)       Turns: 13474, Time: 00:26:49

Health: -6/63      AC:  2    Str:  9    XL:     10   Next: 53%
Magic:  6/16       EV: 17    Int: 19    God:    Okawaru [*****.]
Gold:   577        SH:  0    Dex: 14    Spells: 5/17 levels left

rFire   x . .      SeeInvis .   y - +4 great sword of Hiojad {freeze, rPois}
rCold   + . .      Faith    .   (shield currently unavailable)
rNeg    . . .      Spirit   .   b - +1 hat
rPois   +          Reflect  .   d - amulet of the acrobat
rElec   .          Harm     .   s - ring of ice
rCorr   .          Rampage  .   (no ring)
Will    .....                   (no ring)
Stlth   +++++.....              (no ring)
HPRegen 0.20/turn               (no ring)
MPRegen 0.15/turn               (no ring)
                                (no ring)
                                (no ring)

@: heroic, studying Summonings
A: almost no armour, amphibious, 8 rings, camouflage 1, gelatinous body 1,
(nimble swimmer 1), tentacles
a: Renounce Religion, Heroism, Finesse, Duel


You were on level 10 of the Dungeon.
You worshipped Okawaru.
Okawaru was extremely pleased with you.
You visited 1 branch of the dungeon, and saw 10 of its levels.
You also visited: Sewer.

You collected 577 gold pieces.

Inventory:

Hand Weapons
 a - a +2 falchion of protection
 q - a +3 short sword of protection
 w - a +0 flail
 y - the +4 great sword of Hiojad (weapon) {freeze, rPois}
   (Okawaru gifted it to you on level 9 of the Dungeon)

   It freezes those it strikes, dealing additional cold damage.
   It can also slow down cold-blooded creatures.
   rPois:     It protects you from poison.
Missiles
 c - 259 stones (quivered)
 x - 5 atropa-tipped darts
Armour
 b - a +1 hat (worn)
Jewellery
 d - an amulet of the acrobat (around mantle)
 s - a ring of ice (left tentacle)
 C - an amulet of faith
Wands
 k - a wand of iceblast (1)
 v - a wand of mindburst (23)
Scrolls
 e - a scroll of amnesia
 j - 2 scrolls of identify
 m - a scroll of magic mapping
 t - a scroll of vulnerability
 u - 2 scrolls of teleportation
 A - 2 scrolls of fog {unknown}
 D - a scroll of torment {unknown}
 E - a scroll of enchant armour
Potions
 f - 2 potions of magic
 g - 3 potions of degeneration {unknown}
 h - 3 potions of berserk rage {unknown}
 i - 5 potions of curing
 l - 2 potions of mutation {unknown}
 n - a potion of might {unknown}
 o - a potion of invisibility {unknown}
 p - 2 potions of attraction {unknown}
 r - 2 potions of brilliance {unknown}
 z - a potion of haste {unknown}
 B - a potion of cancellation {unknown}


   Skills:
 - Level 3.1(8.1) Fighting
 - Level 1.5(8.0) Short Blades
 - Level 4.0(9.1) Long Blades
 - Level 5.0(10.0) Dodging
 - Level 2.8(7.8) Stealth
 - Level 4.4 Spellcasting
 + Level 8.6 Transmutations
 - Level 3.0 Fire Magic
 - Level 5.0 Earth Magic
 - Level 8.0 Poison Magic
 - Level 3.4 Invocations


You had 5 spell levels left.
You knew the following spells:

 Your Spells              Type           Power      Damage    Failure   Level
a - Sandblast             Erth           46%        2d11      1%          1
b - Ignite Poison         Fire/Tmut/Pois 29%        N/A       2%          3
c - Poisonous Vapours     Pois/Air       38%        N/A       3%          2
d - Olgreb's Toxic Radia  Pois           34%        N/A       4%          4
e - Passwall              Tmut/Erth      25%        N/A       1%          2

Your spell library contained the following spells:

 Spells                   Type           Power      Damage    Failure   Level
 Sting                    Tmut/Pois      100%       1d8       1%          1
 Spider Form              Tmut/Pois      35%        N/A       1%          3
 Foxfire                  Conj/Fire      36%        2x1d5     7%          1
 Shock                    Conj/Air       16%        1d4       13%         1
 Stone Arrow              Conj/Erth      26%        3d8       14%         3
 Ensorcelled Hibernation  Hex/Ice        12%        N/A       21%         2
 Static Discharge         Conj/Air       4%         N/A       21%         2
 Conjure Flame            Conj/Fire      9%         6-21      22%         3
 Inner Flame              Hex/Fire       9%         N/A       22%         3
 Swiftness                Air            4%         N/A       36%         3
 Leda's Liquefaction      Hex/Erth       6%         N/A       43%         4
 Flame Wave               Conj/Fire      9%         2d5       56%         4
 Sticky Flame             Conj/Fire      9%         2d3       56%         4
 Airstrike                Air            2%         N/A       78%         4
 Anguish                  Hex/Necr       2%         N/A       78%         4
 Cause Fear               Hex            2%         N/A       78%         4
 Lightning Bolt           Conj/Air       2%         1d13      98%         5
 Storm Form               Tmut/Air       10%        N/A       100%        7
 Maxwell's Capacitive Co  Air            2%         ∞         100%        8
 Summon Lightning Spire   Summ/Air       Unusable   N/A       N/A         4
 Dragon's Call            Summ           Unusable   N/A       N/A         9

Dungeon Overview and Level Annotations

Branches:
Dungeon (10/15)            Temple (0/1) D:7            Lair (0/6) D:10
  Sewer (visited)
    Orc: D:9-12

Altars:
Cheibriados
Hepliaklqana
Okawaru
Ru

Shops:
D:4 (

Annotations:
D:5 Edmund
D:6 2 transporters, Zeld's ghost, novice DECj


Innate Abilities, Weirdness & Mutations

You cannot wear most types of armour.
You are amphibious.
You can wear up to eight rings at the same time.
Your skin changes colour to match your surroundings (Stealth+).
Your rubbery body absorbs attacks. (AC +1, EV +1)
((You are camouflaged when in or above water. (Stealth+)))
You have tentacles for arms and can constrict up to eight enemies at once.


Message History

Casting: Ignite Poison (dangerous; 2% risk of failure)
Confirm with . or Enter, or press ? or * to list all spells.
Okay, then.
Casting: Ignite Poison (dangerous; 2% risk of failure)
Confirm with . or Enter, or press ? or * to list all spells.
You begin to radiate toxic energy.
The komodo dragon is poisoned.
The komodo dragon looks even sicker.
A nearby plant withers and dies. x2
Your toxic aura wanes.
The komodo dragon hisses menacingly.
The komodo dragon bites you!!
Casting: Olgreb's Toxic Radiance (dangerous; 4% risk of failure)
Confirm with . or Enter, or press ? or * to list all spells.
You miscast Ignite Poison.
You are very lightly contaminated with residual magic.
Nothing appears to happen.
The komodo dragon completely misses you.
The komodo dragon hisses menacingly.
The komodo dragon looks more healthy.
Casting: Ignite Poison (dangerous; 2% risk of failure)
Confirm with . or Enter, or press ? or * to list all spells.
You can't see any susceptible monsters within range! (Use Z to cast anyway.)
Casting: Ignite Poison (dangerous; 2% risk of failure)
Confirm with . or Enter, or press ? or * to list all spells.
Okay, then.
Casting: Ignite Poison (dangerous; 2% risk of failure)
Confirm with . or Enter, or press ? or * to list all spells.
You begin to radiate toxic energy.
The komodo dragon is poisoned.
Your magical contamination has completely faded away.
Your toxic aura wanes.
The komodo dragon misses you.
Found a scroll of teleportation.
The komodo dragon looks more healthy.
You gain the combat prowess of a mighty hero.
The komodo dragon bites you.
You hit the komodo dragon but do no damage.
You squeeze the komodo dragon.
The komodo dragon is heavily wounded.
The komodo dragon closely misses you. The komodo dragon bites you!
You fail to use your ability.
The komodo dragon bites you!!
Ouch! That really hurt!
You die...

# .# ####.#
#....#####
#.@.......
###l...#####
#....#.?...
#.#########
#.# #.# #.#
#.# #.#


You could see a komodo dragon.

Vanquished Creatures
  A wyvern (D:9)
  10 yaks
  A steam dragon (D:8)
  3 water moccasins
  A sky beast (D:4)
  2 ice beasts
  A centaur (D:9)
  2 kobold brigands
  3 bullfrogs
  A gnoll sergeant (D:9)
  4 scorpions
  A water moccasin zombie (D:4)
  11 killer bees (D:9)
  8 wights
  A centaur zombie (D:8)
  3 gnoll shamans
  2 hounds
  6 orc priests
  A centaur skeleton (D:5)
  Jessica (D:3)
  An iguana (D:6)
  10 orc wizards
  16 gnolls
  A howler monkey skeleton (D:5)
  7 adders
  A river rat (Sewer)
  A shadow imp (D:5)
  An ufetubus (D:4)
  5 worms
  33 orcs
  9 endoplasms
  6 giant cockroaches
  8 hobgoblins
  2 jackals (D:1)
  31 kobolds
  5 quokkas
  5 ball pythons
  2 bats
  2 frilled lizards
  2 goblins
  11 rats
222 creatures vanquished.

Vanquished Creatures (others)
  68 plants
68 creatures vanquished.

Grand Total: 290 creatures vanquished

Notes
Turn   | Place    | Note
-------+----------+-------------------------------------------
     0 | D:1      | enile the Octopode Wanderer began the quest for the Orb.
     0 | D:1      | enile set off with the following items: a +0 falchion, a +0
                  | hat, 30 stones; and the following spell memorised:
                  | Sandblast; and the following spells available to memorise:
                  | Passwall, Leda's Liquefaction
     0 | D:1      | Reached XP level 1. HP: 14/14 MP: 2/2
   285 | D:1      | Reached skill level 1 in Dodging
   285 | D:1      | Reached XP level 2. HP: 16/19 MP: 3/3
   407 | D:1      | Got the Handbook of Might
  1013 | D:2      | Found a snail-covered altar of Cheibriados.
  1483 | D:2      | Learned a level 2 spell: Passwall
  1529 | D:3      | Reached XP level 3. HP: 7/25 MP: 0/4
  1792 | D:3      | Found a faded altar of an unknown god.
  2070 | D:3      | Prayed at the altar of an unknown god.
  2070 | D:3      | Became a worshipper of Warmaster Okawaru
  2070 | D:3      | Reached * piety under Okawaru
  2101 | D:3      | Noticed Jessica
  2108 | D:3      | Killed Jessica
  2109 | D:3      | Reached XP level 4. HP: 31/31 MP: 1/5
  2308 | D:3      | Found an iron altar of Okawaru.
  3149 | D:4      | Found a glowing drain.
  3153 | Sewer    | Entered a sewer
  3183 | Sewer    | Reached XP level 5. HP: 19/36 MP: 6/6
  4199 | Sewer    | Noticed a kobold brigand
  4221 | Sewer    | Killed a kobold brigand
  4221 | Sewer    | Reached ** piety under Okawaru
  4222 | Sewer    | Reached skill level 1 in Short Blades
  4222 | Sewer    | Reached XP level 6. HP: 13/42 MP: 2/7
  4556 | D:4      | Noticed a sky beast
  4581 | D:4      | Killed a sky beast
  4607 | D:4      | Found a hazy altar of Hepliaklqana.
  4878 | D:4      | Found Taam's Weapon Emporium.
  5120 | D:4      | Reached XP level 7. HP: 12/46 MP: 3/8
  6222 | D:5      | Entered Level 5 of the Dungeon
  6275 | D:5      | Reached skill level 1 in Poison Magic
  6676 | D:5      | Noticed Edmund
  6877 | D:5      | Reached *** piety under Okawaru
  7174 | D:6      | Reached skill level 5 in Poison Magic
  7174 | D:6      | Reached XP level 8. HP: 52/52 MP: 10/10
  7179 | D:6      | Learned a level 2 spell: Poisonous Vapours
  7241 | D:6      | Learned a level 4 spell: Olgreb's Toxic Radiance
  7548 | D:6      | Found a transporter.
  7571 | D:6      | Found a transporter.
  7571 | D:6      | Noticed Zeld's ghost (novice DECj)
  7572 | D:6      | Found the +2 hat of the Bear Spirit {Spirit, *Rage Will++}
  8283 | D:6      | Reached skill level 5 in Dodging
  8592 | D:6      | Learned a level 3 spell: Ignite Poison
  8633 | D:7      | Reached **** piety under Okawaru
  8635 | D:7      | Reached skill level 1 in Fire Magic
  8882 | D:7      | Reached skill level 1 in Transmutations
  8882 | D:7      | Reached XP level 9. HP: 50/56 MP: 13/13
  9031 | D:7      | Found a sacrificial altar of Ru.
 10426 | D:7      | Found a staircase to the Ecumenical Temple.
 10875 | D:8      | Reached skill level 5 in Earth Magic
 11197 | D:8      | Got the Handbook of Ensnaring Toxins
 11307 | D:8      | Reached ***** piety under Okawaru
 11308 | D:8      | Reached skill level 5 in Transmutations
 11613 | D:9      | Reached XP level 10. HP: 63/63 MP: 8/16
 11847 | D:9      | Identified the +4 great sword of Hiojad {freeze, rPois}
                  | (Okawaru gifted it to you on level 9 of the Dungeon)
 11847 | D:9      | Received a gift from Okawaru
 13301 | D:10     | Entered Level 10 of the Dungeon
 13437 | D:10     | Found a staircase to the Lair.
 13474 | D:10     | Mangled by a komodo dragon

Illustrated notes

Levels and vault maps discovered:
D:1:      minmay_arrival_three_doors, layout_loops_ring, minmay_small_reverse_x
D:2:      layout_basic, basic_altar
D:3:      layout_loops_cross, okawaru_gym_becter,
          hellmonk_ecumenical_altar_lost_god, uniq_jessica
D:4:      kennysheep_kobold_camp, layout_layer_cave, serial_shops,
          nicolae_shop_bloodbath_and_beyond, gup_sewer_entry_spiral,
          kennysheep_flooded_box
D:5:      layout_loops_ring, uniq_edmund
D:6:      layout_loops_ring, gammafunk_ghost_arena, kennysheep_diamond,
          minmay_hedge_maze
D:7:      layout_basic, mainiacjoe_overflow_six_doors_small,
          minmay_temple_entry_poolview, corexii_checkpoint_a
D:8:      layout_basic
D:9:      layout_loops_ring
D:10:     layout_loops_ring, david_lair_shrubbed, david_orc_2, serial_shops,
          nicolae_square_shop, evilmike_butchery

Skill      XL: |  1  2  3  4  5  6  7  8  9 10 |
---------------+-------------------------------+-----
Dodging        | 1 2 3 4 5 |  5.0
Fighting       | 3 |  3.1
Long Blades    | 3 4 |  4.0
Short Blades   | 1 |  1.5
Invocations    | 2 3 |  3.4
Poison Magic   | 5 7 8 |  8.0
Spellcasting   | 3 4 |  4.4
Fire Magic     | 3 |  3.0
Transmutations | 1 5 8 |  8.6
Earth Magic    | 5 |  5.0
Stealth        | |  2.8

Action                   |  1- 3 |  4- 6 |  7- 9 | 10-12 || total
-------------------------+-------+-------+-------+-------++-------
Melee: Falchion          |    47 |    80 |    53 |     1 ||   181
       Constrict         |    15 |    22 |    34 |     3 ||    74
       Tentacles         |    12 |    24 |    60 |     5 ||   101
       Punch             |     1 |     2 |     8 |       ||    11
       Short sword       |       |    29 |   151 |       ||   180
       Great sword       |       |       |       |    20 ||    20
Throw: Dart              |       |       |     2 |       ||     2
 Cast: Sandblast         |     6 |    40 |    60 |       ||   106
       Passwall          |       |       |     1 |       ||     1
       Poisonous Vapours |       |       |     9 |     3 ||    12
       Olgreb's Toxic Ra |       |       |    16 |    13 ||    29
       Ignite Poison     |       |       |     8 |     8 ||    16
Invok: Heroism           |     1 |     2 |     4 |     1 ||     8
Evoke: Wand              |       |     1 |    13 |       ||    14
  Use: Potion            |     2 |       |     2 |       ||     4
       Scroll            |     1 |     3 |    11 |       ||    15
 Stab: Sleeping          |     8 |    15 |     5 |       ||    28
Armor: Skin              |     1 |     5 |    47 |     1 ||    54
Dodge: Dodged            |    53 |    61 |   195 |    26 ||   335
